 Dungeon Crawl Stone Soup version 0.27-a0-1139-g28e009f8a6 (webtiles) character file.

Game seed: 7751509375843159852

4022 robertstho the Destroyer (level 10, -14/49 HPs)
             Began as a Vine Stalker Conjurer on May 7, 2021.
             Was an Initiate of Sif Muna.
             Demolished by a two-headed ogre
             ... wielding a +0 giant spiked club
              (22 damage)
             ... on level 8 of the Dungeon.
             The game lasted 00:16:04 (7347 turns).

robertstho the Destroyer (Vine Stalker Conjurer)    Turns: 7347, Time: 00:16:04

Health: -14/49     AC:  4    Str: 11    XL:     10   Next: 23%
Magic:  0/32       EV: 12    Int: 21    God:    Sif Muna [......]
Gold:   393        SH:  0    Dex: 12    Spells: 15/25 levels left

rFire    . . .     SeeInvis .   (no weapon)
rCold    . . .     Faith    .   (no shield)
rNeg     . . .     Spirit   +   a - +0 robe
rPois    .         Reflect  .   (no helmet)
rElec    .         Harm     .   k - +0 cloak
rCorr    .         Rampage  .   v - +0 pair of gloves
Will     +....                  (no boots)
Stlth    +++.......             i - amulet of magic regeneration
HPRegen  1.16/turn              f - ring of magical power
MPRegen  0.48/turn              (no ring)

@: no status effects
A: fangs 3, regeneration 1, magic shield, antimagic bite, no potion heal 2
a: Renounce Religion


You were on level 8 of the Dungeon.
You worshipped Sif Muna.
Sif Muna was noncommittal.
You visited 1 branch of the dungeon, and saw 8 of its levels.

You collected 393 gold pieces.

Inventory:

Missiles
 t - 7 atropa-tipped darts
Armour
 a - a +0 robe (worn)
 k - a +0 cloak (worn)
 v - a +0 pair of gloves (worn)
Jewellery
 f - a ring of magical power (left hand)
 i - an amulet of magic regeneration (around neck)
Wands
 p - a wand of flame (6)
 x - a wand of digging (1)
 y - a wand of polymorph (13)
Scrolls
 d - 2 scrolls of fear {unknown}
 e - 2 scrolls of holy word {unknown}
 g - a scroll of silence {unknown}
 n - 3 scrolls of teleportation {unknown}
 o - 3 scrolls of enchant weapon {unknown}
 r - 2 scrolls of magic mapping {unknown}
 s - a scroll of fog {unknown}
 u - a scroll of blinking {unknown}
 w - a scroll of torment {unknown}
 z - a scroll of enchant armour {unknown}
 A - a scroll of acquirement {unknown}
 C - a scroll of amnesia {unknown}
 D - 2 scrolls of identify
Potions
 b - 2 potions of curing
 c - a potion of mutation {unknown}
 h - a potion of lignification {unknown}
 j - a potion of degeneration {unknown}
 l - 2 potions of brilliance {unknown}
 m - a potion of attraction {unknown}
 q - 4 potions of heal wounds {unknown}
 B - a potion of resistance


   Skills:
 + Level 3.0 Fighting
 + Level 3.1 Dodging
 + Level 7.1 Stealth
 + Level 8.1 Spellcasting
 + Level 9.4 Conjurations
 + Level 2.4 Hexes
 * Level 4.1 Invocations


You had 15 spell levels left.
You knew the following spells:

 Your Spells              Type           Power      Damage    Failure   Level
a - Magic Dart            Conj           100%       1d8       1%          1
b - Searing Ray           Conj           96%        3d7       1%          2
c - Dazzling Flash        Conj/Hex       66%        N/A       1%          3
d - Fulminant Prism       Conj/Hex       16%        3d11      7%          4

Your spell library contained the following spells:

 Spells                   Type           Power      Damage    Failure   Level
 Corona                   Hex            20%        N/A       2%          1
 Animate Skeleton         Necr           16%        N/A       8%          1
 Apportation              Tloc           16%        N/A       8%          1
 Pain                     Necr           32%        1d5       8%          1
 Summon Small Mammal      Summ           32%        N/A       8%          1
 Confusing Touch          Hex            18%        N/A       9%          3
 Iskenderun's Mystic Bla  Conj/Tloc      28%        2d7       11%         4
 Gell's Gravitas          Tloc           4%         N/A       24%         3
 Vampiric Draining        Necr           4%         2d6       24%         3
 Animate Dead             Necr           4%         N/A       61%         4
 Petrify                  Tmut/Erth      8%         N/A       61%         4
 Metabolic Englaciation   Hex/Ice        6%         N/A       78%         5
 Yara's Violent Unravell  Hex/Tmut       6%         3d5       78%         5
 Agony                    Necr           8%         N/A       91%         5


Dungeon Overview and Level Annotations

Branches:
Dungeon (9/15)
 Temple: D:4-7         Lair: D:8-11         Orc: D:9-12

Altars:
Fedhas
Ru
Sif Muna
Uskayaw
Zin
The Shining One

Shops:
D:5 *

Annotations:
D:4 3 runed translucent doors, leviel's ghost, amateur DgFE


Innate Abilities, Weirdness & Mutations

You have razor-sharp teeth.
Your natural rate of healing is unusually fast.
When hurt, damage is shared between your health and your magic reserves.
Your bite disrupts and absorbs the magic of your enemies.
Potions cannot restore your health.


Message History

The orc zaps a wand.
You hear a grinding noise.
The orc warrior hits your fulminant prism with a +0 long sword!
Your fulminant prism crackles loudly.
The orc warrior hits your fulminant prism with a +0 long sword!
Your fulminant prism explodes!
The blast of energy engulfs the orc warrior!
The orc warrior is heavily wounded.
An orc wizard comes into view. It is wielding a +0 dagger.
Unknown command.
The two-headed ogre hits you with a +0 giant spiked club!
The two-headed ogre hits you with a +0 giant spiked club!!
The orc zaps a wand.
Some rock shatters into small pieces.
Casting: Fulminant Prism (dangerous; 7% risk of failure)
Confirm with . or Enter, or press ? or * to list all spells.
Aiming: Fulminant Prism (dangerous; 7% risk of failure)
Press: ? - help, Dir - move target You conjure a prism of explosive energy!
A fulminant prism comes into view.
Your fulminant prism crackles loudly.
The orc warrior hits something with a +0 long sword!
You hear an explosion!
The blast of energy engulfs the orc warrior!
The orc warrior is almost dead.
Unknown command.
You hear a zap.
You hear a grinding noise.
You hear a zap.
You hear a grinding noise.
Casting: Fulminant Prism (dangerous; 7% risk of failure)
Confirm with . or Enter, or press ? or * to list all spells.
Aiming: Searing Ray (safe; 1% risk of failure)
Press: ? - help, Shift-Dir - straight line, f - two-headed ogre
Aim: a two-headed ogre, wielding two +0 giant spiked clubs (heavily wounded, 92% to hit)
The searing ray hits the two-headed ogre!
The two-headed ogre is severely wounded. (Press . to maintain the ray.)
The two-headed ogre hits you with a +0 giant spiked club!!
Ouch! That really hurt!
* * * LOW HITPOINT WARNING * * *
The two-headed ogre hits you with a +0 giant spiked club!!
You die...

###*##.# #......#
##.#.#### ##...###
##o...# ##..# # #
#....########))### #
#o...#...........# #
#....#.........).# #
#....#.......)...# #
#O####.....†.....# # #@#
#...........#
################.#
#...........#
#................#
#########.#..
.......<..######## #.##.
#.#######.#......#
#######.##. ...#
#.###.##.# #........#.
...#
#.###.##.######........##
...#
#.#....................##
...#
#.#....#.######........##


You could see a two-headed ogre, an orc warrior and an orc.

Vanquished Creatures
  2 two-headed ogres (D:9)
  Prince Ribbit (D:6)
  6 yaks (D:9)
  An orc warrior (D:9)
  An ice beast (D:8)
  A black bear (D:6)
  A centaur (D:5)
  A kobold brigand (D:9)
  A bullfrog (D:8)
  A scorpion (D:6)
  3 wyvern zombies
  4 killer bees (D:9)
  5 howler monkeys
  A centaur zombie (D:9)
  2 jellies
  4 orc priests
  A hound (D:4)
  Crazy Yiuf (D:2)
  Terence (D:2)
  An orc wizard (D:4)
  Natasha (thrice) (D:2)
  2 howler monkey zombies
  2 howler monkey skeletons (D:6)
  4 adders
  An ufetubus (D:5)
  2 worms
  4 dart slugs
  19 orcs
  9 ball pythons
  4 bats
  4 endoplasms
  6 giant cockroaches
  4 goblins
  6 hobgoblins
  15 jackals
  16 kobolds
  2 quokkas (D:1)
  8 frilled lizards
  7 rats
157 creatures vanquished.

Vanquished Creatures (others)
  27 fulminant prisms
27 creatures vanquished.

Grand Total: 184 creatures vanquished

Notes
Turn   | Place    | Note
-------+----------+-------------------------------------------
     0 | D:1      | robertstho the Vine Stalker Conjurer began the quest for
                  | the Orb.
     0 | D:1      | Reached XP level 1. HP: 9/9 MP: 4/4
     1 | D:1      | Noticed a minotaur zombie
    14 | D:1      | Noticed a minotaur zombie
    18 | D:1      | Noticed a merfolk zombie
   135 | D:1      | Reached XP level 2. HP: 13/13 MP: 0/6
   312 | D:1      | You fall into a shaft and drop 1 floor!
   615 | D:2      | Reached XP level 3. HP: 16/16 MP: 1/7
   712 | D:2      | Found a glowing silver altar of Zin.
  1074 | D:2      | Noticed Natasha
  1078 | D:2      | Killed Natasha
  1079 | D:2      | Gained mutation: Your natural rate of healing is unusually
                  | fast. [Vine Stalker growth]
  1079 | D:2      | Reached XP level 4. HP: 16/21 MP: 2/9
  1082 | D:2      | Learned a level 2 spell: Searing Ray
  1086 | D:2      | Learned a level 3 spell: Dazzling Flash
  1747 | D:1      | Reached skill level 5 in Conjurations
  2082 | D:2      | Noticed Natasha
  2087 | D:2      | Killed Natasha
  2130 | D:2      | Noticed Natasha
  2135 | D:2      | Killed Natasha
  2136 | D:2      | Reached XP level 5. HP: 24/24 MP: 10/10
  2295 | D:2      | Noticed Terence
  2309 | D:2      | Killed Terence
  2817 | D:2      | Found a runed translucent door.
  2818 | D:2      | Noticed Crazy Yiuf
  2926 | D:2      | Killed Crazy Yiuf
  3159 | D:3      | Reached XP level 6. HP: 29/29 MP: 12/12
  3164 | D:3      | Learned a level 4 spell: Fulminant Prism
  3660 | D:3      | Found a faded altar of an unknown god.
  3879 | D:4      | Reached skill level 6 in Conjurations
  4200 | D:4      | Reached XP level 7. HP: 32/32 MP: 14/14
  4264 | D:4      | Found a runed translucent gate.
  4265 | D:4      | Found a runed translucent gate.
  4265 | D:4      | Found a runed translucent gate.
  4269 | D:4      | Noticed leviel's ghost (amateur DgFE)
  4659 | D:5      | Entered Level 5 of the Dungeon
  4722 | D:5      | Found Rawehule's Retail Resort.
  5043 | D:5      | Reached skill level 1 in Fighting
  5587 | D:6      | Reached skill level 5 in Spellcasting
  5593 | D:6      | Noticed Prince Ribbit
  5603 | D:6      | Killed Prince Ribbit
  5604 | D:6      | Reached skill level 7 in Conjurations
  5604 | D:6      | Gained mutation: You have razor-sharp teeth. [Vine Stalker
                  | growth]
  5604 | D:6      | Reached XP level 8. HP: 37/37 MP: 17/17
  5741 | D:6      | You fall into a shaft and drop 3 floors!
  5761 | D:9      | Reached skill level 5 in Stealth
  6075 | D:9      | Found a shimmering blue altar of Sif Muna.
  6100 | D:9      | Became a worshipper of Sif Muna the Loreminder
  6162 | D:9      | Noticed a yak
  6165 | D:9      | Noticed a yak
  6166 | D:9      | Noticed a yak
  6166 | D:9      | Noticed a yak
  6174 | D:9      | Noticed a yak
  6176 | D:9      | Killed a yak
  6176 | D:9      | Noticed a yak
  6176 | D:9      | Killed a yak
  6177 | D:9      | Reached skill level 8 in Conjurations
  6177 | D:9      | Reached skill level 1 in Invocations
  6177 | D:9      | Reached XP level 9. HP: 42/42 MP: 13/20
  6188 | D:9      | Reached skill level 1 in Hexes
  6329 | D:9      | Found a sacrificial altar of Ru.
  6330 | D:9      | Found a glowing golden altar of the Shining One.
  6331 | D:9      | Found a blossoming altar of Fedhas.
  6332 | D:9      | Found a hide-covered altar of Uskayaw.
  6393 | D:9      | Noticed a two-headed ogre
  6419 | D:9      | Killed a two-headed ogre
  6420 | D:9      | Reached skill level 9 in Conjurations
  6598 | D:9      | Noticed a two-headed ogre
  6618 | D:9      | Killed a two-headed ogre
  6619 | D:9      | Reached XP level 10. HP: 48/48 MP: 19/23
  7322 | D:8      | Noticed a two-headed ogre
  7347 | D:8      | Demolished by a two-headed ogre

Illustrated notes

Levels and vault maps discovered:
D:1:      shiori_arrival_whats_in_store_for_you, layout_loops_ring
D:2:      layout_loops_ring, basic_altar, corner_web_ring,
          roderic_cross_of_infinity, grunt_ministairs_15, uniq_natasha,
          uniq_terence, uniq_crazy_yiuf_cottage
D:3:      layout_basic, shapermc_ecumenical_altar_venn, grunt_decor_one_mirror
D:4:      layout_basic, ebering_ghost_rock_garden, minmay_quantized
D:5:      layout_loops_corners, nicolae_alphabet_shops
D:6:      wander_river, layout_basic, vehumet_altar_wand_db,
          minmay_temple_entry_gardened_gates, gammafunk_ghost_cemetery,
          uniq_prince_ribbit1
D:8:      layout_basic
D:9:      layout_basic, lemuel_doored_altar,
          chequers_temple_overflow_statue_of_worship

Skill      XL: |  1  2  3  4  5  6  7  8  9 10 |
---------------+-------------------------------+-----
Dodging        | 2 3 |  3.1
Conjurations   | 5 6 7 8 9 |  9.4
Spellcasting   | 3 4 5 6 8 |  8.1
Stealth        | 3 4 6 7 |  7.1
Fighting       | 1 2 3 |  3.0
Invocations    | 1 3 4 |  4.1
Hexes          | 2 |  2.4

Action                   |  1- 3 |  4- 6 |  7- 9 | 10-12 || total
-------------------------+-------+-------+-------+-------++-------
Melee: Unarmed           |    11 |    16 |     1 |       ||    28
       Bite              |     1 |     1 |     1 |       ||     3
 Cast: Magic Dart        |    58 |    45 |     3 |       ||   106
       Searing Ray       |       |    50 |    41 |     8 ||    99
       Fulminant Prism   |       |       |    17 |    10 ||    27
  Use: Scroll            |     1 |       |       |       ||     1
       Potion            |       |       |     1 |       ||     1
Armor: Robe              |     7 |     6 |     8 |     2 ||    23
Dodge: Dodged            |    26 |    27 |    28 |     4 ||    85

Table legend: (Time is in decaauts)
 A = Elapsed time spent in this place.
 B = Non-inter-level travel time spent in this place.
 C = Inter-level travel time spent in this place.
 D = Time resting spent in this place.
 E = Time spent auto-exploring this place.
 F = Levels seen in this place.
 G = Mean time per level.
                   A        B        C        D        E       F      G
               +--------+--------+--------+--------+--------+-----+--------+
         Total |   7351 |   7159 |    192 |    677 |   5494 |   8 |  918.9 |
       Dungeon |   7351 |   7159 |    192 |    677 |   5494 |   8 |  918.9 |
               +--------+--------+--------+--------+--------+-----+--------+

Top non-repeatable levels by time:
     D:2: 1624 daAuts
     D:1: 1272 daAuts
     D:9: 1075 daAuts
     D:3: 920 daAuts
     D:4: 847 daAuts
     D:5: 831 daAuts
     D:8: 529 daAuts
     D:6: 249 daAuts
